 Dungeon Crawl Stone Soup version 0.29-a0-732-g3d7fbe0af2 (webtiles) character file.

Game seed: 9253210027095872201

763 riojii the Ruffian (level 7, 24/61 HPs)
             Began as a Ghoul Fighter on June 30, 2022.
             Quit the game on level 5 of the Dungeon.
             The game lasted 00:05:19 (5710 turns).

riojii the Ruffian (Ghoul Fighter)                  Turns: 5710, Time: 00:05:20

Health: 24/61      AC:  9    Str: 22    XL:     7   Next: 81%
Magic:  6/6        EV:  7    Int:  3    God:
Gold:   354        SH:  4    Dex:  8    Spells: 6/6 levels left

rFire   . . .      SeeInvis .     - Unarmed
rCold   + . .      Faith    .   b - +0 buckler
rNeg    + + +      Spirit   .   k - +0 chain mail
rPois   ∞          Reflect  .   (no helmet)
rElec   .          Harm     .   (no cloak)
rCorr   .          Rampage  .   (no gloves)
Will    .....                   (no boots)
Stlth   ..........              (no amulet)
HPRegen 0.00/turn               (no ring)
MPRegen 0.10/turn               (no ring)

@: inhibited regen
A: claws 1, cold resistance 1, negative energy resistance 3, inhibited
regeneration, torment resistance 2, devour on kill
a: no special abilities


You were on level 5 of the Dungeon.
You visited 1 branch of the dungeon, and saw 5 of its levels.

You collected 354 gold pieces.

Inventory:

Armour
 b - a +0 buckler (worn)
 g - a +0 cloak
 k - a +0 chain mail (worn)
Scrolls
 a - a scroll of fear
 f - a scroll of summoning
 p - a scroll of enchant armour
Potions
 c - a potion of might
 d - 2 potions of heal wounds
 e - 2 potions of mutation
 h - 7 potions of curing
 i - 2 potions of invisibility {unknown}
 j - a potion of berserk rage
 m - 2 potions of attraction {unknown}


   Skills:
 + Level 5.2 Fighting
 + Level 4.3 Armour
 + Level 4.2 Shields
 * Level 6.2 Unarmed Combat


You had 6 spell levels left.
You didn't know any spells.
Your spell library contained the following spells:

 Spells                   Type           Power      Damage    Failure   Level
 Slow                     Hex            0%         N/A       100%        1
 Confusing Touch          Hex            0%         N/A       100%        3
 Vampiric Draining        Necr           0%         2d6       100%        3


Dungeon Overview and Level Annotations

Branches:
Dungeon (5/15)
 Temple: D:4-7

Altars:
Ashenzari
Kikubaaqudgha
Sif Muna
Uskayaw


Innate Abilities, Weirdness & Mutations

You are immune to poison.
You have sharp fingernails.
Your flesh is cold resistant. (rC+)
You are immune to negative energy. (rN+++)
You do not regenerate when monsters are visible.
You are immune to unholy pain and torment.
You thrive by killing the living.


Message History

You claw the iguana!
You kill the iguana!
The orc hits you but does no damage.
You scratch the orc.
You kill the orc!
You feel better. The necrophage hits you.
You claw the necrophage!
The necrophage is moderately damaged.
The necrophage hits you but does no damage.
You closely miss the necrophage.
The necrophage is moderately damaged.
You block the necrophage's attack. The orc hits you but does no damage.
You scratch the necrophage.
The necrophage is moderately damaged.
You block the necrophage's attack.
You scratch the necrophage but do no damage.
The necrophage is moderately damaged.
The necrophage hits you but does no damage.
The orc hits you with a +0 vorpal flail.
You closely miss the necrophage.
The necrophage is moderately damaged.
You block something's attack. You block the necrophage's attack.
The orc hits you but does no damage.
You claw the necrophage!
The necrophage is almost destroyed.
You hear some strange, mumbled words.
Something tries to affect you, but you resist.
The necrophage hits you but does no damage.
You block the orc's attack.
You claw the necrophage!
You destroy the necrophage!
You hear some strange, mumbled words.
A puff of flame appears from out of thin air!
The puff of flame hits you!
You barely miss the orc. Something hits you but does no damage.
The orc hits you with a +0 vorpal flail!
The orc hits you but does no damage. x2
You are too injured to fight recklessly!
Are you sure you want to abandon this character and quit the game? (Confirm with "yes".)

.... ##....##.
.#######.....##. .
$............##. .
.##.......[..... #.
#.<......##.>. ##.
##.......####. #
#..# #.......# #.
...#..o######......#
#.
......{@.....!.....#
#.
......oo...........#
#.
......)..#####.....#
## .......).#
#.....# ........##
#.....# ...#...##
#.....# #######
#######


You could see 3 orcs.

Vanquished Creatures
  2 ogres
  A phantom (D:4)
  A necrophage (D:5)
  A scorpion (D:4)
  A hound (D:5)
  A gnoll shaman (D:3)
  2 iguanas
  An orc wizard (D:4)
  11 gnolls
  6 adders
  2 ufetubi (D:4)
  2 worms (D:2)
  A dart slug (D:3)
  12 orcs
  5 ball pythons
  3 endoplasms
  2 giant cockroaches
  8 goblins
  7 hobgoblins
  3 jackals (D:3)
  5 quokkas
  7 bats
  4 frilled lizards
  7 kobolds
  8 rats
103 creatures vanquished.

Notes
Turn   | Place    | Note
-------+----------+-------------------------------------------
     0 | D:1      | riojii the Ghoul Fighter began the quest for the Orb.
     0 | D:1      | Reached XP level 1. HP: 19/19 MP: 0/0
   468 | D:1      | Reached XP level 2. HP: 26/26 MP: 1/1
   615 | D:1      | Found a faded altar of an unknown god.
  1215 | D:2      | Reached XP level 3. HP: 31/31 MP: 2/2
  1240 | D:2      | Reached skill level 3 in Unarmed Combat
  1721 | D:2      | Reached XP level 4. HP: 18/40 MP: 3/3
  2536 | D:3      | Reached XP level 5. HP: 28/46 MP: 4/4
  2778 | D:3      | Reached skill level 4 in Unarmed Combat
  2798 | D:3      | Noticed an ogre
  2806 | D:3      | Killed an ogre
  2817 | D:3      | Reached XP level 6. HP: 9/52 MP: 5/5
  3685 | D:3      | Found a broken altar of Ashenzari.
  4365 | D:4      | Reached skill level 5 in Unarmed Combat
  4486 | D:4      | Reached XP level 7. HP: 55/60 MP: 6/6
  5099 | D:4      | Reached skill level 5 in Fighting
  5197 | D:4      | Found an ancient bone altar of Kikubaaqudgha.
  5327 | D:5      | Entered Level 5 of the Dungeon
  5355 | D:5      | Reached skill level 6 in Unarmed Combat
  5524 | D:5      | Found a hide-covered altar of Uskayaw.
  5587 | D:5      | Found a shimmering blue altar of Sif Muna.
  5710 | D:5      | Quit the game

Illustrated notes

Levels and vault maps discovered:
D:1:      dpeg_arrival_line_fractal, layout_basic,
          hellmonk_ecumenical_altar_run_dry, chequers_avenue,
          minmay_misc_feat_enclosed
D:2:      minmay_spotlight, layout_basic, serial_forest,
          infiniplex_forest_clump_double, infiniplex_forest_corner_1,
          infiniplex_forest_clump_medium, infiniplex_forest_lined_corner,
          infiniplex_forest_clump_curved, kennysheep_generic_room_5
D:3:      minmay_angry_zag, layout_basic,
          mainiacjoe_overflow_concentric_impassable, guppyfry_early_orc_mine
D:4:      nicolae_cairo_tiling_large, layout_basic,
          lemuel_coloured_pillars_altar
D:5:      layout_rooms, tgw_sif, mainiacjoe_overflow_catwalk,
          minmay_fire_ice_demons

Skill      XL: |  1  2  3  4  5  6  7 |
---------------+----------------------+-----
Unarmed Combat | 3 4 5 6 |  6.2
Armour         | 3 4 |  4.3
Shields        | 3 4 |  4.2
Fighting       | 4 5 |  5.2

Action                   |  1- 3 |  4- 6 |  7- 9 || total
-------------------------+-------+-------+-------++-------
Melee: Unarmed           |   126 |   188 |    93 ||   407
  Use: Scroll            |     2 |     1 |     6 ||     9
Armor: Scale mail        |    57 |     6 |       ||    63
       Chain mail        |       |    88 |    50 ||   138
Dodge: Dodged            |    54 |    43 |    30 ||   127
Block: Buckler           |    22 |    27 |    17 ||    66

Table legend: (Time is in decaauts)
 A = Elapsed time spent in this place.
 B = Non-inter-level travel time spent in this place.
 C = Inter-level travel time spent in this place.
 D = Time resting spent in this place.
 E = Time spent auto-exploring this place.
 F = Levels seen in this place.
 G = Mean time per level.
                   A        B        C        D        E       F      G
               +--------+--------+--------+--------+--------+-----+--------+
         Total |   5699 |   5549 |    150 |      0 |   4777 |   5 | 1139.8 |
       Dungeon |   5699 |   5549 |    150 |      0 |   4777 |   5 | 1139.8 |
               +--------+--------+--------+--------+--------+-----+--------+

Top non-repeatable levels by time:
     D:3: 1723 daAuts
     D:2: 1552 daAuts
     D:4: 1098 daAuts
     D:1: 944 daAuts
     D:5: 380 daAuts
